 Dungeon Crawl Stone Soup version 0.30.0-17-ge0270778cf (webtiles) character file.

Game seed: 16263437033044305383

86 KamiKatze the Shield-Bearer (level 4, 0/37 HPs)
             Began as a Formicid Fighter on May 21, 2023.
             Succumbed to a goblin's poison
             ... on level 2 of the Dungeon.
             The game lasted 00:03:39 (1449 turns).

KamiKatze the Shield-Bearer (Formicid Fighter)      Turns: 1449, Time: 00:03:40

Health: 0/37       AC:  7    Str: 23    XL:     4   Next: 77%
Magic:  4/4        EV: 10    Int:  7    God:
Gold:   82         SH:  5    Dex: 13    Spells: 3/3 levels left

rFire   . . .        a - +0 war axe
rCold   . . .        c - +0 buckler
rNeg    . . .        b - +0 scale mail
rPois   .            (helmet unavailable)
rElec   .            (no cloak)
rCorr   .            (no gloves)
SInv    +            (no boots)
Will    .....        (no amulet) Stlth
                     (no ring)
HPRegen 0.26/turn    (no ring)
MPRegen 0.09/turn

%: no passive effects
@: lethally poisoned (0 -> -28)
A: permanent stasis, dig shafts and tunnels, antennae 3, four strong arms
a: Dig, Shaft Self


You were on level 2 of the Dungeon.
You visited 1 branch of the dungeon, and saw 3 of its levels.

You collected 82 gold pieces.

Inventory:

Hand Weapons
 a - a +0 war axe (weapon)
 p - a +0 war axe
Missiles
 l - 4 poisoned darts
Armour
 b - a +0 scale mail (worn)
 c - a +0 buckler (worn)
Scrolls
 f - a scroll of enchant weapon {unknown}
 g - a scroll of fear {unknown}
 h - 2 scrolls of teleportation {unknown}
 k - 2 scrolls of torment {unknown}
 m - 2 scrolls of noise {unknown}
 n - a scroll of poison {unknown}
 q - a scroll of blinking {unknown}
Potions
 d - a potion of might
 e - a potion of brilliance {unknown}
 i - 2 potions of ambrosia {unknown}
 j - a potion of degeneration {unknown}
 o - a potion of curing {unknown}


   Skills:
 + Level 3.7 Fighting
 * Level 3.1 Axes
 + Level 0.2 Throwing
 + Level 3.7 Armour
 + Level 1.1 Dodging
 + Level 4.5 Shields
 + Level 0.2 Evocations


You had 3 spell levels left.
You didn't know any spells.
Your spell library contained the following spells:

 Spells                   Type           Power      Damage    Failure   Level
 Lesser Beckoning         Tloc           0%         N/A       91%         2
 Momentum Strike          Conj/Tloc      0%         3d8       91%         2
 Blink                    Tloc           Unusable   N/A       N/A         2

Dungeon Overview and Level Annotations

Branches:
Dungeon (3/15)

Altars:
Fedhas

Shops:
D:1 :

Annotations:
D:3 Robin


Innate Abilities, Weirdness & Mutations

You cannot be hasted, slowed, berserked, paralysed or teleported.
You can dig through walls and to a lower floor.
You have a pair of large antennae on your head. (SInv)
Your four strong arms can wield two-handed weapons with a shield.


Message History

You barely miss the hobgoblin. You block the hobgoblin's attack.
Robin says, "Duck!"
Robin throws the goblin at you! The goblin hits you but does no damage.
You barely miss the goblin.
The goblin is moderately wounded.
You closely miss the goblin. You barely miss the hobgoblin.
The goblin no longer looks unusually strong.
The goblin hits you but does no damage. The hobgoblin hits you.
An endoplasm comes into view.
Robin points. "Kill!"
Robin hits you from afar with a +5 spear of freezing.
Robin freezes you. You block the goblin's attack.
You closely miss the goblin.
The goblin is moderately wounded.
You barely miss the hobgoblin. You barely miss the goblin.
The endoplasm quivers.
Robin hits you from afar with a +5 spear of freezing.
Robin freezes you.
The goblin hits you with a +2 dagger of venom.
You are poisoned.
The hobgoblin hits you but does no damage.
You block the goblin's attack. The goblin barely misses you.
The hobgoblin misses you.
The goblin hits you with a +2 dagger of venom.
* * * LOW HITPOINT WARNING * * *
You are lethally poisoned!
The kobold throws a stone.
You block the stone.
Robin roars a battlecry!
The goblin goes into a battle-frenzy!
You hear a shout!
* * * LOW HITPOINT WARNING * * *
You feel very sick.
The goblin hits you with a +2 dagger of venom.
* * * LOW HITPOINT WARNING * * *
You are more poisoned.
The kobold throws a stone.
The stone hits you but does no damage. The hobgoblin closely misses you.
The goblin closely misses you. Robin closely misses you.
You climb upwards.
You die...

.###..####...#
#.#####.#...#####. ..###†#
#...# #.......#...# #. ### #.#
##.## #########...# #.
#.#####.#### #...# #>
###..........# #...# #.
#............# #######...######
#......#.....###...............
#............#g)....<..(...#...
#......#....)g@#...............
#......##....[g#######...#####.
#####.........## #...# #...
#.......#.# #...# #.#.
#########.# ##...# #.#. ##
#.#######....# #.#. .#
#.......#....# #.##
.########### #.......#.####
#.## ...........####.........#
##...


You could see a hobgoblin (strong) and 2 goblins.

Vanquished Creatures
  3 adders (D:2)
  A worm (D:2)
  A dart slug (D:1)
  5 orcs
  3 ball pythons (D:2)
  4 bats
  A giant cockroach (D:2)
  4 hobgoblins
  4 jackals (D:2)
  3 frilled lizards
  10 goblins
  3 kobolds
  5 rats
47 creatures vanquished.

Notes
Turn   | Place    | Note
-------+----------+-------------------------------------------
     0 | D:1      | KamiKatze the Formicid Fighter began the quest for the Orb.
     0 | D:1      | Reached XP level 1. HP: 18/18 MP: 1/1
    94 | D:1      | Reached XP level 2. HP: 13/24 MP: 2/2
   339 | D:1      | Found Ugurhuco's Book Emporium.
   728 | D:2      | Reached XP level 3. HP: 27/29 MP: 3/3
  1045 | D:2      | Reached XP level 4. HP: 36/36 MP: 4/4
  1075 | D:2      | Reached skill level 1 in Dodging
  1369 | D:3      | Found a blossoming altar of Fedhas.
  1374 | D:3      | Noticed Robin
  1449 | D:2      | Succumbed to a goblin's poison

Illustrated notes

Levels and vault maps discovered:
D:1:      onia_arrival_pyramid, layout_basic, serial_shops,
          nicolae_shop_tiny_statue_garden
D:2:      layout_loops_cross, minmay_shallow_snake_nest
D:3:      layout_basic, fedhas_altar_1, hellmonk_ghost_happy_afterlife,
          uniq_ijyb, uniq_natasha, uniq_sigmund, uniq_robin

Skill      XL: |  1  2  3  4 |
---------------+-------------+-----
Dodging        | 1 |  1.1
Axes           | 3 |  3.1
Fighting       | |  3.7
Throwing       | |  0.2
Armour         | |  3.7
Shields        | |  4.5
Evocations     | |  0.2

Action                     |  1- 3 |  4- 6 || total
---------------------------+-------+-------++-------
  Melee: War axe           |    77 |    29 ||   106
 Armour: Scale mail        |    45 |    19 ||    64
  Dodge: Dodged            |    57 |    28 ||    85
  Block: Buckler           |    30 |    16 ||    46
